cohdb
Replays
Latest Replays
All Replays
Popular Replays
Top Player Replays
Match Explorer
How It Works
Community
CoH3 Stats
Reddit
Sign in to upload your games and track your stats! →
Sign in with Steam
Match 38349146
Unlisted
Match 38349146
Overview
Messages
Build Orders
End
Vickers Machine Gun Team
Construct Section Command Post
Infantry Section
Infantry Section
Grenade Package
Infantry Section
Royal Engineer Section
Construct Platoon Command Post
Humber Armored Car
CMP 15cwt Truck
Infantry Training
6-pounder Anti-tank Gun Team
Construct Company Command Post
Ani Nega Gojarane!
十三将士归玉门
Big Oil Robot
skfqkek
PayPerPaper
Apround
Fishin
76561199578421658
0
0
Comments
sign in to comment!
No comments posted yet!